General information
- name: BNet
- type: Ladder team game (AT/RT)
- host: Battle.net
- saver: Blahsmack
map: SunrockCove
- players: 6
- length: 18:10
- speed: Fast
- version: 1.21 W3XP
- replay type: Public
» download(67 KB)
Players
team 1 (loser)

»
Trogdor (
purple | 31 APM | 564 actions | 18:00)
3 Keeper of the Grove
2 Force of Nature
1 Thorns Aura
2 Archmage
1 Brilliance Aura
1 Summon Water Elemental
» actions
| Assign group hotkey | 1 | |
| Basic commands | 5 | |
| Build / train | 31 | |
| Enter build submenu | 12 | |
| Enter hero's abilities submenu | 5 | |
| Right click | 277 | |
| Select / deselect | 193 | |
| Select group hotkey | 2 | |
| Use ability | 38 | |
564 total
» units
» upgrades
» buildings
| Altar of Elders | 1 | |
| Ancient of War | 2 | |
| Moon Well | 2 | |
| Keep | 1 | |
| Lumber Mill | 1 | |
| Farm | 3 | |
| Guard Tower | 2 | |
| Blacksmith | 1 | |
| Castle | 1 | |
| Barracks | 1 | |
| Scout Tower | 2 | |
17 total
» build order
00:08 Altar of Elders
00:13 Ancient of War
00:23 Moon Well
00:56 Moon Well
04:00 Ancient of War
05:34 Keep
05:44 Lumber Mill
06:52 Farm
06:53 Farm
06:53 Farm
07:13 Guard Tower
08:33 Blacksmith
09:24 Castle
09:31 Barracks
11:48 Scout Tower
11:48 Scout Tower
12:18 Guard Tower
thejesuslizard (
yellow | 11 APM | 205 actions | 17:54)
1 Crypt Lord
1 Impale
» actions
| Build / train | 15 | |
| Enter build submenu | 18 | |
| Enter hero's abilities submenu | 1 | |
| Right click | 80 | |
| Select / deselect | 66 | |
| Use ability | 25 | |
205 total
» units
» buildings
| Crypt | 1 | |
| Ziggurat | 4 | |
| Altar of Darkness | 1 | |
| Halls of the Dead | 1 | |
| Graveyard | 2 | |
| Tomb of Relics | 1 | |
| Temple of the Damned | 1 | |
| Necropolis | 2 | |
| Farm | 2 | |
| Town Hall | 1 | |
| Lumber Mill | 1 | |
17 total
» build order
00:17 Crypt
00:23 Ziggurat
01:10 Altar of Darkness
02:50 Halls of the Dead
04:17 Graveyard
04:24 Tomb of Relics
08:27 Temple of the Damned
09:27 Necropolis
09:48 Necropolis
11:54 Ziggurat
11:57 Graveyard
12:05 Ziggurat
12:14 Ziggurat
15:28 Farm
15:34 Farm
15:56 Town Hall
16:53 Lumber Mill
» items
| Potion of Healing | 1 | |
| Potion of Mana | 1 | |
| Rod of Necromancy | 1 | |
3 total
fordgt (
red | 25 APM | 120 actions | 04:46)
1 Archmage
1 Summon Water Elemental
» actions
| Build / train | 13 | |
| Enter build submenu | 8 | |
| Enter hero's abilities submenu | 1 | |
| Right click | 42 | |
| Select / deselect | 48 | |
| Use ability | 8 | |
120 total
» units
» buildings
| Altar of Kings | 1 | |
| Farm | 2 | |
| Barracks | 1 | |
| Scout Tower | 4 | |
| Arcane Tower | 2 | |
10 total
» build order
00:13 Altar of Kings
00:18 Farm
00:38 Barracks
01:00 Farm
01:29 Scout Tower
01:44 Scout Tower
02:08 Scout Tower
03:39 Arcane Tower
03:48 Scout Tower
04:19 Arcane Tower
team 2 (winner)

»
EasyTarget925 (
green | 65 APM | 1169 actions | 18:00)
6 Shadow Hunter
3 Serpent Ward
2 Healing Wave
1 Big Bad Voodoo
» actions
| Assign group hotkey | 4 | |
| Basic commands | 104 | |
| Build / train | 44 | |
| ESC pressed | 1 | |
| Enter build submenu | 29 | |
| Enter hero's abilities submenu | 7 | |
| Right click | 558 | |
| Select / deselect | 209 | |
| Select group hotkey | 141 | |
| Use ability | 72 | |
1169 total
» units
| Peon | 9 | |
| Grunt | 1 | |
| Troll Headhunter/Berserker | 9 | |
| Demolisher | 11 | |
30 total
» upgrades
| Ranged Weapons | 1 | |
| Armor | 1 | |
| Burning Oil | 1 | |
3 total
» buildings
| Altar of Storms | 1 | |
| Orc Burrow | 6 | |
| Barracks | 2 | |
| War Mill | 1 | |
| Voodoo Lounge | 1 | |
| Stronghold | 1 | |
| Watch Tower | 9 | |
| Fortress | 1 | |
| Beastiary | 2 | |
24 total
» build order
00:05 Altar of Storms
00:10 Orc Burrow
00:49 Barracks
01:26 War Mill
02:36 Orc Burrow
04:18 Voodoo Lounge
04:56 Stronghold
06:35 Watch Tower
06:41 Watch Tower
08:26 Watch Tower
08:27 Watch Tower
09:39 Orc Burrow
09:43 Orc Burrow
10:30 Fortress
10:35 Orc Burrow
10:37 Orc Burrow
12:10 Barracks
12:13 Watch Tower
13:45 Watch Tower
14:44 Watch Tower
15:28 Watch Tower
15:29 Watch Tower
17:21 Beastiary
17:24 Beastiary
» items
| Lesser Clarity Potion | 1 | |
| Healing Salve | 1 | |
2 total
Blahsmack (
teal | 31 APM | 570 actions | 18:10)
1 Blood Mage
1 Flame Strike
1 Archmage
1 Blizzard
» actions
| Basic commands | 22 | |
| Build / train | 86 | |
| Enter build submenu | 29 | |
| Enter hero's abilities submenu | 2 | |
| Give item / drop item | 2 | |
| Right click | 206 | |
| Select / deselect | 180 | |
| Use ability | 43 | |
570 total
» units
» upgrades
| Masonry | 2 | |
| Lumber Harvesting | 1 | |
| Swords | 2 | |
| Armor | 1 | |
| Storm Hammers | 1 | |
7 total
» buildings
| Scout Tower | 13 | |
| Lumber Mill | 3 | |
| Arcane Tower | 5 | |
| Guard Tower | 9 | |
| Farm | 6 | |
| Altar of Kings | 1 | |
| Town Hall | 3 | |
| Keep | 1 | |
| Blacksmith | 2 | |
| Castle | 2 | |
| Gryphon Aviary | 3 | |
48 total
» build order
00:54 Scout Tower
00:57 Scout Tower
01:02 Lumber Mill
01:08 Scout Tower
01:13 Scout Tower
01:18 Scout Tower
01:21 Scout Tower
01:22 Arcane Tower
01:23 Arcane Tower
01:42 Arcane Tower
01:42 Arcane Tower
02:13 Scout Tower
03:08 Guard Tower
03:09 Guard Tower
03:17 Guard Tower
03:23 Scout Tower
03:35 Scout Tower
03:47 Scout Tower
03:50 Scout Tower
04:16 Guard Tower
04:18 Guard Tower
04:19 Guard Tower
04:36 Scout Tower
04:43 Scout Tower
05:11 Farm
05:12 Farm
05:58 Altar of Kings
06:08 Guard Tower
07:15 Town Hall
07:52 Farm
07:56 Lumber Mill
09:10 Keep
09:30 Blacksmith
09:33 Farm
09:42 Farm
09:43 Farm
11:32 Town Hall
12:51 Town Hall
14:29 Castle
14:29 Castle
14:56 Gryphon Aviary
14:58 Gryphon Aviary
14:59 Gryphon Aviary
15:11 Blacksmith
16:39 Lumber Mill
» items
| Scroll of Healing | 3 | |
| Scroll of Protection | 2 | |
5 total
wayne18 (
pink | 17 APM | 301 actions | 18:01)
2 Demon Hunter
1 Immolation
1 Evasion
» actions
| Build / train | 78 | |
| Enter build submenu | 15 | |
| Enter hero's abilities submenu | 2 | |
| Remove unit from queue | 6 | |
| Right click | 90 | |
| Select / deselect | 93 | |
| Use ability | 17 | |
301 total
» units
» upgrades
| Strength of the Moon | 1 | |
| Moon Armor | 1 | |
2 total
» buildings
| Ancient of War | 4 | |
| Moon Well | 6 | |
| Altar of Elders | 1 | |
| Hunter's Hall | 1 | |
| Tree of Ages | 1 | |
13 total
» build order
00:59 Ancient of War
01:02 Moon Well
01:10 Ancient of War
01:17 Moon Well
01:22 Altar of Elders
02:20 Moon Well
08:45 Moon Well
08:49 Moon Well
08:53 Moon Well
14:02 Hunter's Hall
14:04 Tree of Ages
15:27 Ancient of War
15:38 Ancient of War
Chat log
(00:49 / Allies) wayne18: nice
(01:26 / Allies) Blahsmack: lumber me
(01:31 / Allies) Blahsmack: lumber
(01:32 / Allies) Blahsmack: me
(01:33 / Allies) Blahsmack: lumber
(01:39 / Allies) Blahsmack: lumber
(01:40 / Allies) Blahsmack: not gold
(01:47 / Allies) EasyTarget925: Wrong button.
(01:48 / Allies) EasyTarget925: Chill.
(02:46 / Allies) Blahsmack: lumber
(03:00 / Allies) Blahsmack: lumbe
(03:01 / Allies) Blahsmack: lumber
(03:35 / All) thejesuslizard: lol you guys are fuckin idiots
(03:46 / All) thejesuslizard: you can only win against NE with that shit
(03:59 / Allies) Blahsmack: you cna win agaisnt
(04:00 / Allies) Blahsmack: orc
(04:01 / Allies) Blahsmack: undead
(04:04 / Allies) Blahsmack: except human
(04:08 / Allies) Blahsmack: human vs early human rush
(04:10 / Allies) Blahsmack: is terrible
(04:50 / All) EasyTarget925: Noobs.
(05:02 / All) thejesuslizard: lol youre the noobs
(05:06 / All) EasyTarget925: Right.
(05:09 / Allies) EasyTarget925: Go get pwnd faster.
(05:16 / All) EasyTarget925: Go get pwnd faster.
(05:19 / All) thejesuslizard: that strat loses to 3 out of 4 races
(05:28 / All) EasyTarget925: Well we just raped, now didn't we.
(05:36 / All) Blahsmack: no it doesnt
(05:43 / All) Blahsmack: it only loses to human vs human
(05:49 / All) Blahsmack: gg knowing your shit nub
(05:58 / All) wayne18: gg
(06:09 / All) EasyTarget925: Game over.
(07:13 / All) thejesuslizard: rofl your record is pathetic
(07:22 / All) EasyTarget925: rofl new account. noob.
(07:26 / All) Blahsmack: win some lose some
(07:30 / All) Blahsmack: its a game nub
(07:40 / All) Blahsmack: youre obviously are terrible though
(07:40 / All) EasyTarget925: A game you suck at yellow.
(07:41 / All) EasyTarget925: lawl
(07:57 / All) thejesuslizard: yeah buts its a game you won by exploit, and its an exploit that sucks
(08:05 / All) EasyTarget925: QQ
(08:08 / All) Blahsmack: umm i think the game creators intended it
(08:09 / All) thejesuslizard: an has a 25% win ratio
(08:43 / All) Blahsmack: sun"rush" cove
(08:46 / All) Blahsmack: buddy
(08:48 / All) thejesuslizard: anyway if i ever get any of you 3
(08:51 / All) EasyTarget925: QQ
(08:52 / All) Blahsmack: suck it up man up
(08:53 / All) thejesuslizard: ill be sure to tk you
(08:55 / All) EasyTarget925: QQ
(08:56 / All) EasyTarget925: QQ
(08:56 / All) EasyTarget925: QQ
(09:00 / All) EasyTarget925: Nub ass.
(09:02 / All) EasyTarget925: Keep crying
(09:03 / All) EasyTarget925: Please
(09:04 / All) EasyTarget925: Just
(09:05 / All) EasyTarget925: keep
(09:06 / All) EasyTarget925: cryng
(09:09 / All) EasyTarget925: Pwnd fag
(09:11 / All) thejesuslizard: lol fuck you im farm hiding
(09:18 / All) EasyTarget925: Keep crying
(09:18 / All) thejesuslizard: ill make it hard for you to win
(09:20 / All) Blahsmack: that doesnt work
(09:22 / All) Blahsmack: idiot
(09:27 / All) EasyTarget925: We already won, moron
(09:29 / All) EasyTarget925: You're done
(09:38 / All) Blahsmack: you can leave and stop crying nub
(09:59 / Allies) Blahsmack: didnt know this game was for babies
(10:06 / All) Blahsmack: so much crying
(10:13 / All) Blahsmack: big baby yellow
(10:44 / All) thejesuslizard: thats ok stats dont lie
(10:46 / All) EasyTarget925: he's right you know
(10:48 / All) EasyTarget925: you are a little bitch
(10:51 / All) thejesuslizard: nobody on ur team is as good as me
(11:01 / All) EasyTarget925: that explains why you got raped, yeah?
(11:01 / All) thejesuslizard: and if youre so good why we still playing?
(11:05 / All) wayne18: but u lost
(11:08 / All) Blahsmack: ahahhaha
(11:12 / All) EasyTarget925: i had you owned before you even had any units, yellow
(11:13 / All) EasyTarget925: scrub
(11:23 / All) thejesuslizard: whatever
(11:30 / All) EasyTarget925: Yeah keep crying when you watch the replay
(11:39 / All) wayne18: hahahahahaha
(11:48 / All) thejesuslizard: like i said im better than any of you
(12:01 / All) EasyTarget925: Yeah, the game just proved that, didn't it.
(12:18 / All) EasyTarget925: Nice hiding spot retard
(12:25 / All) Blahsmack: god forbid i play you on high perch yellow
(12:30 / All) Blahsmack: man youd be crying
(12:36 / All) EasyTarget925: Bring on the demos.
(12:44 / All) thejesuslizard: like i said stats dont lie
(12:47 / All) EasyTarget925: Since baby back bitch can't play without towering.
(12:48 / All) EasyTarget925: lawl
(13:20 / All) thejesuslizard: if any of you ever want to play solo for money you have my nick
(13:28 / All) Blahsmack: lol
(13:28 / All) thejesuslizard: if not i guess youre all talk
(13:29 / All) EasyTarget925: QQ
(13:32 / All) Blahsmack: why the fuck would i do that
(13:39 / All) Blahsmack: this is a game calm down
(13:48 / All) thejesuslizard: you wouldnt,, because yousuck of course
(13:50 / All) Blahsmack: you dont even deserve to play any games with the attitude you have
(14:10 / All) Blahsmack: youre like one of the brats back in elementry school who would cry when he would have to share legos i bet
(14:15 / All) Blahsmack: or a ball
(14:16 / All) thejesuslizard: rofl you won on an exploit, and you all have shit stats
(14:24 / All) Blahsmack: and then youd take them away from everyone else and cry to the teacher
(14:28 / All) thejesuslizard: like i siad if you cant solo me you shoulodnt brag
(14:29 / All) EasyTarget925: Rofl
(14:31 / All) EasyTarget925: pwnd yellow
(14:35 / All) thejesuslizard: and you cant
(14:40 / All) EasyTarget925: fuck
(14:41 / All) EasyTarget925: ing
(14:41 / All) thejesuslizard: you cant hide from the truth
(14:45 / All) thejesuslizard: nubs
(14:53 / All) EasyTarget925: You just got raped by nubs then
(14:53 / All) EasyTarget925: lawl
(14:54 / All) EasyTarget925: fag
(15:04 / All) thejesuslizard: thats fine with me
(15:09 / All) EasyTarget925: lmao
(15:11 / All) EasyTarget925: scrub
(15:18 / All) thejesuslizard: if you can only beat NE thats just plain sad
(15:31 / All) EasyTarget925: Shhhh
(15:33 / All) EasyTarget925: keep crying
(16:04 / All) Blahsmack: huhs lill nubblet dont say a word im gunn tower the whole fucking world
(16:37 / All) EasyTarget925: nub lawl
(17:37 / All) thejesuslizard: like i said if you ever grow some balls come solo me
(17:46 / All) EasyTarget925: Says the bitch who runs and hides
(17:47 / All) EasyTarget925: lawl
(17:48 / All) thejesuslizard: if not enjoy the exploit
(17:52 / All) thejesuslizard: nubs
(17:54 / All) EasyTarget925: QQ please.